 Dungeon Crawl Stone Soup version 0.23.2-33-g5129a83184 (webtiles) character file.

Game seed: 12548527693108670816

3483 DorianNounverber the Thaumaturge (level 9, 0/47 HPs)
             Began as a Deep Elf Wizard on July 7, 2019.
             Was a Follower of Sif Muna.
             Slain by an orc warrior
             ... wielding a +0 hand axe
              (18 damage)
             ... on level 7 of the Dungeon.
             The game lasted 00:58:30 (16240 turns).

DorianNounverber the Thaumaturge (Deep Elf Wizard) Turns: 16240, Time: 00:58:30

Health: 0/47       AC:  9    Str:  4    XL:     9   Next: 79%
Magic:  11/26      EV: 15    Int: 27    God:    Sif Muna [*.....]
Gold:   340        SH:  0    Dex: 13    Spells: 22/30 levels left

rFire    + . .     SeeInvis .   E - +4 quarterstaff (chaos)
rCold    . . .     Gourm    +   (shield currently unavailable)
rNeg     . . .     Faith    .   t - +2 ring mail {rF+}
rPois    .         Spirit   .   b - +0 hat
rElec    .         Reflect  .   m - +0 cloak {MR+}
rCorr    .         Harm     .   y - +0 pair of gloves
MR       ++...                  (no boots)
Stlth    ++........             Y - amulet of the gourmand
HPRegen  0.15/turn              C - +5 ring of evasion
MPRegen  0.20/turn              K - ring of protection from magic

@: no status effects
A: no striking features
a: Divine Energy, Renounce Religion


You were on level 7 of the Dungeon.
You worshipped Sif Muna.
Sif Muna was aware of your devotion.
You were very hungry.

You visited 2 branches of the dungeon, and saw 9 of its levels.

You collected 340 gold pieces.

Inventory:

Hand Weapons
 c - a +0 mace of holy wrath
 D - a +0 flail of protection
 E - a +4 quarterstaff of chaos (weapon)
 F - a +1 mace of protection
 G - a cursed -1 mace
 N - a +0 quarterstaff
 Q - a +2 quarterstaff of draining
 W - a +0 double sword of holy wrath
Missiles
 k - 6 tomahawks (quivered)
 J - 5 javelins
 T - 19 poisoned needles
Armour
 a - a +0 robe
 b - a +0 hat (worn)
 m - a +0 cloak of magic resistance (worn)
 q - a +0 helmet
 t - a +2 ring mail of fire resistance (worn)
 y - a +0 pair of gloves (worn)
 H - a +0 cloak
 U - a +0 buckler
Jewellery
 h - an uncursed ring of see invisible
 n - an uncursed ring of poison resistance
 r - an uncursed amulet of guardian spirit
 C - a +5 ring of evasion (left hand)
 K - a ring of protection from magic (right hand)
 Y - an amulet of the gourmand (around neck)
 Z - an uncursed ring of protection from fire {unknown}
Wands
 s - a wand of disintegration (20)
 v - a wand of clouds (3)
 M - a wand of iceblast (11)
 O - a wand of flame (3)
 X - a wand of polymorph (5)
Scrolls
 e - 2 scrolls of identify {unknown}
 f - 3 scrolls of enchant armour {unknown}
 g - 4 scrolls of teleportation {unknown}
 i - 2 scrolls of magic mapping {unknown}
 j - a scroll of immolation {unknown}
 o - 7 scrolls of remove curse {unknown}
 w - a scroll of enchant weapon {unknown}
 x - a scroll of fog {unknown}
 A - a scroll of noise {unknown}
 P - 2 scrolls of blinking {unknown}
Potions
 l - 3 potions of degeneration {unknown}
 p - 3 potions of flight {unknown}
 u - 2 potions of heal wounds {unknown}
 z - a potion of cancellation {unknown}
 B - 2 potions of lignification {unknown}
 I - a potion of berserk rage {unknown}
 L - 2 potions of agility
 R - a potion of might {unknown}
 S - a potion of resistance {unknown}
 V - a potion of curing {unknown}
Comestibles
 d - a ration


   Skills:
 + Level 1.2 Fighting
 * Level 3.1 Staves
 + Level 3.0 Armour
 * Level 6.8 Dodging
 + Level 3.2 Stealth
 * Level 11.4 Spellcasting
 * Level 8.1 Conjurations
 * Level 3.5 Summonings
 + Level 1.2 Translocations
 + Level 0.4 Fire Magic


You had 22 spell levels left.
You knew the following spells:

 Your Spells              Type           Power        Failure   Level  Hunger
a - Magic Dart            Conj           ####         1%          1    None
b - Blink                 Tloc           N/A          19%         2    None
c - Call Imp              Summ           ####....     7%          2    None
d - Conjure Flame         Conj/Fire      #####...     11%         3    None

Your spell library contained the following spells:

 Spells                   Type           Power        Failure   Level  Hunger
 Dazzling Spray           Conj/Hex       #####.       11%         3    None
 Stone Arrow              Conj/Erth      #####.       11%         3    None
 Corona                   Hex            ###....      21%         1    None
 Sandblast                Erth           ###...       21%         1    None
 Mephitic Cloud           Conj/Pois/Air  ####....     21%         3    None
 Ensorcelled Hibernation  Hex/Ice        ###...       30%         2    None
 Passwall                 Tmut/Erth      ###.....     30%         2    None
 Slow                     Hex            ###.....     30%         2    None
 Confuse                  Hex            ###.....     52%         3    None
 Tukima's Dance           Hex            ###.....     52%         3    None
 Petrify                  Tmut/Erth      ###.....     89%         4    None
 Lee's Rapid Deconstruct  Erth           ###.......   99%         5    ###....


Dungeon Overview and Level Annotations

Branches:
Dungeon (8/15)             Temple (1/1) D:5
   Lair: D:8-11

Altars:
Ashenzari
Cheibriados
Dithmenos
Elyvilon
Gozag
Hepliaklqana
Kikubaaqudgha
Makhleb
Okawaru
Qazlal
Ru
Sif Muna
Trog
Uskayaw
Vehumet
Wu Jian
Xom
Yredelemnul
Zin


Message History

The orc warrior hits you with a +0 hand axe!
The orc warrior hits your crimson imp with a +0 hand axe!
Your crimson imp hits the orc warrior but does no damage.
Something closely misses your crimson imp.
The crimson imp blinks!
Your crimson imp blinks!
Your crimson imp blinks!
There is an escape hatch in the ceiling here.
The orc warrior misses you.
Your crimson imp blinks!
A mysterious force pulls you upwards. The hatch slams shut behind you.
Casting: Magic Dart (safe; 1% risk of failure)
Confirm with . or Enter, or press ? or * to list all spells.
A beastly little devil appears in a puff of flame.
The orc warrior hits you but does no damage.
Casting: Call Imp (safe; 7% risk of failure)
Confirm with . or Enter, or press ? or * to list all spells.
A beastly little devil appears in a puff of flame.
The orc warrior hits you with a +0 hand axe!!
You die...

.#...#........###......##.#####
.....#.........#.....#).#.##..#
....####............##........#
.............#.....##........##
.............#.#...##....#####
....##.......###.........###
....#........# #.<5.....#..##
....#........###o.5.....#...#
............###.@...........#
#.......###................##
.......)###..........##....#
##............#.....###....#
.#..........###.##....##.###
...#.........##.........##
...#.....................#
.........................#
.............#.....#.....#


You could see an orc warrior and 2 friendly crimson imps.

Vanquished Creatures
  The ghost of raetorn the Carver, a novice VSGl of Okawaru (D:7)
  A hippogriff (D:7)
  Sigmund (D:2)
  Duvessa (D:5)
  2 orc warriors
  A sky beast (D:6)
  An ice beast (D:8)
  2 ogres
  A necrophage (D:7)
  A centaur (D:6)
  2 bullfrogs
  Dowan (D:5)
  A scorpion (D:7)
  7 wights
  7 killer bees
  A crimson imp (D:8)
  3 hounds
  Crazy Yiuf (D:4)
  A gnoll shaman (D:6)
  2 jellies (D:5)
  5 orc priests
  2 iguanas
  Natasha (twice) (D:2)
  Ijyb (D:3)
  4 orc wizards
  4 worker ants
  A hound skeleton (D:7)
  2 hound zombies
  Robin (D:2)
  5 gnolls
  18 adders
  A hound simulacrum (D:7)
  3 shadow imps (D:5)
  An adder zombie (D:7)
  2 adder skeletons
  A worm (D:3)
  A dart slug (D:2)
  9 leopard geckos
  15 orcs
  4 ball pythons
  6 giant cockroaches
  17 goblins
  10 hobgoblins
  2 jackals (D:7)
  5 kobolds
  2 quokkas
  4 bats
  15 frilled lizards
  7 rats
  3 plants (D:1)
191 creatures vanquished.

Vanquished Creatures (collateral kills)
  A hungry ghost (D:8)
  An ice beast (D:7)
  2 killer bees (D:8)
  A spectral bullfrog (D:7)
  An adder (D:8)
  An adder simulacrum (D:7)
  2 jackals (D:8)
9 creatures vanquished.

Grand Total: 200 creatures vanquished

Notes
Turn   | Place    | Note
-------+----------+-------------------------------------------
     0 | D:1      | DorianNounverber the Deep Elf Wizard began the quest for
                  | the Orb.
     0 | D:1      | Reached XP level 1. HP: 10/10 MP: 7/7
   252 | D:1      | Reached skill level 5 in Spellcasting
   254 | D:1      | Reached XP level 2. HP: 15/15 MP: 2/10
  1150 | D:1      | Reached XP level 3. HP: 19/19 MP: 7/11
  1657 | D:2      | Noticed Sigmund
  1670 | D:2      | Killed Sigmund
  1670 | D:2      | Reached skill level 6 in Spellcasting
  1670 | D:2      | Reached XP level 4. HP: 20/24 MP: 2/14
  1670 | D:2      | Reached XP level 5. HP: 23/28 MP: 2/16
  2099 | D:2      | Found a stormy altar of Qazlal.
  2142 | D:2      | Noticed Natasha
  2279 | D:2      | Noticed Robin
  2294 | D:2      | Killed Robin
  2298 | D:2      | Reached skill level 7 in Spellcasting
  2574 | D:2      | Killed Natasha
  2807 | D:2      | Reached XP level 6. HP: 29/32 MP: 11/18
  2916 | D:2      | Noticed Natasha
  2922 | D:2      | Killed Natasha
  3278 | D:3      | Noticed Ijyb
  3286 | D:3      | Killed Ijyb
  4972 | D:4      | Reached skill level 8 in Spellcasting
  5319 | D:4      | Reached XP level 7. HP: 36/36 MP: 17/20
  5374 | D:4      | Found a runed translucent door.
  5380 | D:4      | Noticed Crazy Yiuf
  5400 | D:4      | Killed Crazy Yiuf
  5835 | D:4      | Found a burning altar of Makhleb.
  5888 | D:4      | Reached skill level 5 in Conjurations
  6001 | D:4      | Found an ornate altar of the Wu Jian Council.
  6266 | D:5      | Entered Level 5 of the Dungeon
  6568 | D:5      | Noticed Dowan
  6569 | D:5      | Noticed Duvessa
  6642 | D:5      | Killed Duvessa
  6642 | D:5      | Reached skill level 1 in Armour
  7408 | D:4      | Reached skill level 9 in Spellcasting
  7408 | D:4      | Reached XP level 8. HP: 18/41 MP: 9/23
  7741 | D:5      | Reached skill level 5 in Dodging
  7779 | D:5      | Found a staircase to the Ecumenical Temple.
  7804 | Temple   | Entered the Ecumenical Temple
  7852 | Temple   | Became a worshipper of Sif Muna the Loreminder
  8025 | D:5      | Killed Dowan
  9363 | D:5      | Learned a level 2 spell: Blink
  9366 | D:5      | Learned a level 2 spell: Call Imp
  9370 | D:5      | Learned a level 3 spell: Conjure Flame
 10379 | D:6      | Reached skill level 10 in Spellcasting
 10544 | D:6      | Found a basalt altar of Yredelemnul.
 11385 | D:6      | Reached * piety under Sif Muna
 11434 | D:6      | Reached skill level 1 in Staves
 11920 | D:5      | Reached XP level 9. HP: 26/45 MP: 6/25
 13126 | D:7      | Reached skill level 1 in Fighting
 13576 | D:7      | Reached skill level 11 in Spellcasting
 14370 | D:7      | Found a transporter.
 14370 | D:7      | Noticed raetorn's ghost (novice VSGl)
 14371 | D:7      | Found a transporter.
 14742 | D:7      | Killed raetorn's ghost
 15085 | D:8      | Found a shattered altar of Ashenzari.
 15213 | D:7      | HP: 2/47 [poisoned by a killer bee]
 16240 | D:7      | Slain by an orc warrior

Skill      XL: |  1  2  3  4  5  6  7  8  9 |
---------------+----------------------------+-----
Spellcasting   | 5 6 7 8 9 10 11 | 11.4
Dodging        | 3 4 6 |  6.8
Conjurations   | 3 4 5 7 8 |  8.1
Stealth        | 3 |  3.2
Armour         | 1 2 3 |  3.0
Summonings     | 2 3 |  3.5
Staves         | 1 3 |  3.1
Fighting       | 1 |  1.2
Translocations | |  1.2
Fire Magic     | |  0.4

Action                   |  1- 3 |  4- 6 |  7- 9 || total
-------------------------+-------+-------+-------++-------
Melee: Mace              |   126 |       |       ||   126
       Quarterstaff      |       |       |    66 ||    66
 Cast: Magic Dart        |    84 |   159 |   496 ||   739
       Conjure Flame     |       |       |    21 ||    21
       Call Imp          |       |       |    29 ||    29
       Blink             |       |       |     4 ||     4
Evoke: Wand              |       |       |     1 ||     1
 Stab: Distracted        |       |       |     1 ||     1
  Eat: Ration            |     1 |     2 |     8 ||    11
       Chunk             |     1 |     2 |     5 ||     8
Armor: Robe              |     3 |     2 |       ||     5
       Ring mail         |       |    15 |   110 ||   125
Dodge: Dodged            |    18 |    23 |   293 ||   334
